Map: Void Launch

Players

Avaron

  • Race: Terran Terran

NamroodTuo

  • Race: Terran Terran
  • Spawn Location: 6:00

VOD

Have the link to the VOD?

Description

Time

  • Played on: Feb. 1, 2023, 5:50 a.m.
  • Length: 25:27
Show
View Real Time Build Order
Export as new Build Order

Avaron Terran 

Build Orders:  

Get SALT Encoding   

  12  0:08  SCV  
  13  0:25  SCV  
  14  0:37  Refinery  
  14  0:44  Refinery  
  14  0:45  SCV  
  15  1:02  SCV  
  16  1:19  SCV  
  17  1:36  SCV  
  18  1:49  Muscle Armory  
  18  1:53  SCV  
  19  2:10  SCV  
  20  2:27  SCV  
  21  2:44  SCV  
  22  3:01  Unknown, SCV, Tychus  
  22  3:06  Engineering Bay  
  23  3:18  SCV  
  24  3:35  SCV  
  25  3:42  Engineering Bay  
  25  3:51  Flashforce GDM Visor  
  25  3:52  SCV  
  26  4:09  SCV  
  27  4:35  Unknown, Kev Rattlesnake West  
  37  4:51  SCV  
  38  5:32  Command Center  
  38  5:57  Outlaw Weapons Level 1  
  38  5:59  Outlaw Life and Armor Level 1  
  38  6:53  Secret Stash Stimpack  
  38  7:15  SCV  
  39  7:22  Refinery  
  39  7:32  SCV  
  40  7:49  SCV  
  41  7:56  Refinery  
  41  8:06  SCV  
  42  8:23  SCV  
  53  8:40  SCV  
  44  8:56  SCV  
  45  9:08  Fixers Safehouse  
  45  9:13  SCV  
  46  9:30  SCV  
  46  9:35  Outlaw Weapons Level 2  
  46  9:37  Outlaw Life and Armor Level 2  
  47  9:43  Umojan Signal Modulator  
  47  9:47  SCV  
  48  10:04  SCV  
  49  11:50  Unknown, Nux  
  59  12:38  SCV  
  60  12:44  Outlaw Weapons Level 3  
  60  12:45  Outlaw Life and Armor Level 3  
  60  12:49  T4 Cloudburst Shells  
  60  12:55  SCV  
  61  13:08  Gunslingers Hideout  
  61  13:12  SCV  
  62  13:29  Ultrasonic Boosters, SCV  
  63  13:40  Medivac Platform  
  63  13:46  SCV  
  64  14:44  Kel-Morian Ripper Rounds  
  64  14:54  Moebius Aggression Blend  
  64  15:01  SCV  
  65  15:18  SCV  
  66  15:35  SCV  
  67  15:52  SCV  
  67  15:54  KD9a Implosion Core  
  68  16:09  SCV  
  69  17:55  Crooked Sam  
  69  17:56  Unknown  
  79  18:00  Procyon Shade Suit  
  79  18:03  Moebius Restraint Matrix  
  79  18:12  SCV  
  80  18:29  SCV  
  81  18:50  Unknown, Lt Layna Nikara  
  91  20:02  Procyon Twin Heal Beam Gauntlet  
  91  20:13  Umojan Repair Nanites  
  91  22:56  Procyon Serum  
  91  22:57  Crystalline Amplifiers  
  91  23:01  Vanadium Shell  
  91  23:02  LarsCorp G7 Charges  
Show
View Real Time Build Order
Export as new Build Order

NamroodTuo Terran 

Build Orders:  

Get SALT Encoding   

  12  0:03  SCV  
  13  0:19  Supply Depot  
  13  0:25  SCV  
  14  0:39  SCV  
  15  0:52  Factory  
  15  0:56  SCV  
  16  1:11  Supply Depot  
  16  1:14  SCV  
  17  1:28  SCV  
  18  1:41  SCV  
  19  1:55  SCV  
  20  2:00  Perdition Turret  
  20  2:08  SCV  
  21  2:22  SCV  
  21  2:23  Perdition Turret  
  22  2:35  SCV  
  23  2:41  Refinery  
  23  2:49  SCV  
  24  2:55  Refinery  
  24  3:02  SCV  
  24  3:08  Perdition Turret  
  25  3:11  Devastation Turret  
  25  3:16  SCV  
  26  3:21  Devastation Turret  
  26  3:30  SCV  
  26  3:35  Supply Depot  
  27  3:43  SCV  
  28  3:56  Devastation Turret  
  28  3:57  SCV  
  29  4:12  Devastation Turret  
  29  4:22  Engineering Bay  
  29  4:26  Armory  
  29  4:27  SCV  
  30  4:41  SCV  
  31  4:54  SCV  
  32  5:09  Devastation Turret  
  32  5:18  Spinning Dizzy  
  32  5:34  Upgrade Laser Drill Level 1  
  32  5:52  Spinning Dizzy  
  32  6:02  Starport  
  32  6:34  Command Center  
  32  6:41  Structure Armor  
  32  6:44  SCV  
  33  6:57  SCV  
  34  7:09  Supply Depot  
  34  7:11  SCV  
  35  7:20  Supply Depot  
  35  7:25  SCV  
  35  7:27  Terran Vehicle and Ship Weapons Level 1  
  36  7:33  Starport Tech Lab  
  36  7:38  SCV  
  37  8:06  Starport  
  37  8:15  SCV  
  38  8:22  Perdition Turret  
  38  8:29  SCV  
  39  8:42  SCV  
  39  8:47  Wraith  
  42  8:56  SCV  
  42  8:59  Starport  
  43  9:01  SCV  
  43  9:09  SCV  
  44  9:15  SCV  
  46  9:23  SCV  
  46  9:27  Starport Reactor, Wraith  
  51  9:37  SCV  
  52  9:50  SCV  
  52  9:59  Devastation Turret  
  53  10:04  SCV  
  53  10:07  Terran Vehicle And Ship Armor Level 1  
  54  10:13  Wraith  
  54  10:14  Spinning Dizzy  
  54  10:17  SCV  
  54  10:18  Wraith  
  57  10:20  Starport Reactor  
  57  10:22  Wraith  
  59  10:31  SCV  
  59  10:34  Devastation Turret  
  60  10:44  SCV  
  61  10:53  Wraith  
  61  10:55  Spinning Dizzy  
  61  10:57  Wraith  
  65  11:02  Science Vessel  
  65  11:03  Spinning Dizzy  
  67  11:19  Upgrade Laser Drill Level 2  
  67  11:23  Devastation Turret  
  67  11:32  Refinery  
  67  11:33  SCV  
  67  11:35  Refinery  
  68  11:45  Supply Depot  
  68  11:47  SCV  
  68  11:48  Supply Depot  
  69  12:00  SCV  
  69  12:02  Hi-Sec Auto Tracking  
  70  12:14  SCV  
  70  12:17  Supply Depot  
  71  12:20  Supply Depot  
  71  12:28  SCV  
  72  12:45  Science Vessel  
  72  12:47  Terran Vehicle and Ship Weapons Level 2, Supply Depot  
  72  12:48  Wraith x2  
  72  12:49  Supply Depot  
  78  12:54  Supply Depot  
  78  13:15  SCV  
  79  13:22  Supply Depot  
  79  13:27  Wraith, Supply Depot  
  79  13:28  SCV  
  79  13:29  Wraith  
  84  13:33  Science Vessel  
  86  13:56  Perdition Turret  
  86  14:03  Spinning Dizzy  
  86  14:20  Devastation Turret  
  86  14:24  Science Vessel, Wraith, Devastation Turret  
  86  14:25  Wraith  
  86  14:26  Wraith x2  
  96  14:31  Perdition Turret  
  96  14:33  Perdition Turret  
  94  14:45  Perdition Turret  
  94  14:50  Perdition Turret  
  94  15:04  Wraith  
  94  15:05  Wraith  
  94  15:06  Wraith  
  100  15:41  Wraith x2  
  100  15:44  Wraith  
  100  15:45  Wraith  
  100  15:46  Wraith  
  108  17:28  Science Vessel  
  108  17:29  Wraith  
  112  17:30  Wraith x3  
  118  17:44  Perdition Turret  
  118  17:45  Perdition Turret  
  114  18:00  Pulse Amplifier  
  114  18:09  Wraith  
  116  18:10  Wraith x3  
  116  18:14  Spinning Dizzy  
  116  18:16  Science Vessel  
  124  18:34  Devastation Turret  
  124  18:49  Spinning Dizzy, Wraith  
  126  18:50  Wraith x3  
  132  19:00  Improved Nano-Repair  
  132  19:04  Science Vessel  
  132  19:09  Perdition Turret  
  132  19:52  Science Vessel  
  134  20:26  Spinning Dizzy  
  134  20:33  Spinning Dizzy  
  134  20:54  Devastation Turret  
  111  22:45  SCV  
  112  22:59  SCV  
  113  23:10  Spinning Dizzy  
  113  23:12  SCV, Spinning Dizzy  
  113  23:13  Spinning Dizzy  
  114  23:26  SCV  
  115  23:30  Devastation Turret  
  115  23:33  Devastation Turret  
  115  23:36  Devastation Turret  
  115  23:58  Perdition Turret  
  115  24:01  Perdition Turret  
  115  24:03  Perdition Turret  
  115  24:23  Spinning Dizzy  
  115  24:28  Spinning Dizzy  
  113  24:30  Devastation Turret  
  113  24:46  Perdition Turret  
  113  24:56  Perdition Turret  
  113  24:57  Perdition Turret  
  113  24:58  Perdition Turret  
  113  25:05  Perdition Turret  
Tags
 
Commander
SwannTychus
Matchup
Co-op
Replay Pack
Multiplayer
Add a new tag
Caveats
  • Supply blocks, unpowered buildings, or Contaminate may cause inaccurate times.
  • Supply counts are checked every 10 seconds.